 Dungeon Crawl Stone Soup version 0.29-a0-810-g3812dd5c9c (webtiles) character file.

Game seed: 9517005131671316180

92 Morbidden the Conjurer (level 4, -3/31 HPs)
             Began as a Demonspawn Conjurer on July 3, 2022.
             Slain by a black bear (10 damage)
             ... on level 6 of the Dungeon.
             The game lasted 00:03:28 (2793 turns).

Morbidden the Conjurer (Demonspawn Conjurer)        Turns: 2793, Time: 00:03:29

Health: -3/31      AC:  7    Str:  7    XL:     4   Next: 35%
Magic:  0/7        EV: 11    Int: 21    God:
Gold:   130        SH:  0    Dex: 12    Spells: 4/7 levels left

rFire   + . .      SeeInvis .   a - +1 dagger (venom)
rCold   . . .      Faith    .   (no shield)
rNeg    . . .      Spirit   .   o - +0 leather armour {rPois}
rPois   +          Reflect  .   g - +0 helmet
rElec   .          Harm     .   e - +0 cloak
rCorr   .          Rampage  .   (no gloves)
Will    .....                   (no boots)
Stlth   ++........              (no amulet)
HPRegen 0.10/turn               f - ring of protection from fire
MPRegen 0.10/turn               (no ring)

@: no status effects
A: sharp scales 2, demonic touch 1
a: no special abilities


You were on level 6 of the Dungeon.
You visited 1 branch of the dungeon, and saw 4 of its levels.

You collected 130 gold pieces.

Inventory:

Hand Weapons
 a - a +1 dagger of venom (weapon)
Armour
 e - a +0 cloak (worn)
 g - a +0 helmet (worn)
 o - a +0 leather armour of poison resistance (worn)
Jewellery
 f - a ring of protection from fire (left hand)
 r - a ring of protection from cold
Scrolls
 d - 5 scrolls of identify {unknown}
 h - 2 scrolls of teleportation {unknown}
 j - a scroll of immolation {unknown}
 m - a scroll of torment {unknown}
 n - a scroll of fog {unknown}
 q - a scroll of fear {unknown}
Potions
 b - a potion of magic
 c - a potion of flight {unknown}
 i - 4 potions of curing {unknown}
 k - a potion of haste {unknown}
 l - 2 potions of mutation {unknown}
 p - a potion of degeneration {unknown}
 s - a potion of heal wounds
 t - a potion of berserk rage {unknown}


   Skills:
 * Level 0.9 Fighting
 * Level 0.5 Short Blades
 + Level 0.1 Armour
 * Level 2.1 Dodging
 + Level 1.9 Stealth
 * Level 2.3 Spellcasting
 * Level 5.1 Conjurations


You had 4 spell levels left.
You knew the following spells:

 Your Spells              Type           Power      Damage    Failure   Level
a - Magic Dart            Conj           96%        1d7       2%          1
b - Searing Ray           Conj           48%        2d6       3%          2

Your spell library contained the following spells:

 Spells                   Type           Power      Damage    Failure   Level
 Dazzling Flash           Conj/Hex       26%        N/A       22%         3
 Summon Guardian Golem    Hex/Summ       2%         N/A       52%         3
 Fulminant Prism          Conj/Hex       6%         3d7       56%         4
 Iskenderun's Mystic Bla  Conj/Tloc      13%        2d5       56%         4
 Anguish                  Hex/Necr       1%         N/A       90%         4
 Enfeeble                 Hex            1%         N/A       100%        7
 Orb of Destruction       Conj           12%        9d7       100%        7
 Spellforged Servitor     Conj/Summ      6%         N/A       100%        7


Dungeon Overview and Level Annotations

Branches:
Dungeon (3/15)

Altars:
Dithmenos
Vehumet

Annotations:
D:2 1 runed translucent door, Crazy Yiuf


Innate Abilities, Weirdness & Mutations

You are mostly covered in razor-sharp scales. (AC +2, Slay +2)
Your touch may inflict minor irresistible damage on your foes.


Message History

Press: ? - help, Shift-Dir - straight line, f/p - black bear
Aim: a black bear (moderately wounded, 100% to hit)
The magic dart hits the black bear.
The black bear is moderately wounded.
Unknown command.
Casting: Magic Dart (safe; 2% risk of failure)
Confirm with . or Enter, or press ? or * to list all spells.
Aiming: Magic Dart (safe; 2% risk of failure)
Press: ? - help, Shift-Dir - straight line, f/p - black bear
Aim: a black bear (moderately wounded, 100% to hit)
The magic dart hits the black bear.
The black bear is heavily wounded.
Unknown command.
Casting: Magic Dart (safe; 2% risk of failure)
Confirm with . or Enter, or press ? or * to list all spells.
Aiming: Magic Dart (safe; 2% risk of failure)
Press: ? - help, Shift-Dir - straight line, f/p - black bear
Aim: a black bear (heavily wounded, 100% to hit)
The magic dart hits the black bear but does no damage.
The black bear is heavily wounded.
Unknown command.
Casting: Magic Dart (safe; 2% risk of failure)
Confirm with . or Enter, or press ? or * to list all spells.
Aiming: Searing Ray (safe; 3% risk of failure)
Press: ? - help, Shift-Dir - straight line, f/p - black bear
Aim: a black bear (heavily wounded, 85% to hit)
The searing ray hits the black bear.
The black bear is severely wounded. (Press . to maintain the ray.) Without enough magic to sustain it, your searing ray dissipates.
The black bear goes berserk!
Unknown command.
The black bear bites you! The black bear claws you.
The black bear claws you but does no damage.
Unknown command.
The black bear bites you but does no damage.
The black bear claws you. x2
* * * LOW HITPOINT WARNING * * *
The black bear bites you!
You die...

### ### #.## #.#
#..###.#
#..##..##
#..##.[.##
#.......@#
#........h..<...
##....>..........
#................
#.≈≈≈≈≈≈≈≈≈...###
#.≈.......≈..##
#.≈.§≈≈≈§.≈..#
#.≈.≈...≈.≈..#
#.≈.≈§_§§.≈...#


You could see a black bear (berserk).

Vanquished Creatures
  2 adders (D:3)
  2 worms (D:2)
  2 dart slugs
  5 orcs
  8 bats
  2 endoplasms
  4 giant cockroaches
  6 goblins
  5 hobgoblins
  2 jackals (D:2)
  5 kobolds
  A quokka (D:2)
  3 ball pythons
  A frilled lizard (D:1)
  8 rats
56 creatures vanquished.

Notes
Turn   | Place    | Note
-------+----------+-------------------------------------------
     0 | D:1      | Morbidden the Demonspawn Conjurer began the quest for the
                  | Orb.
     0 | D:1      | Reached XP level 1. HP: 13/13 MP: 3/3
   259 | D:1      | Gained mutation: You are partially covered in razor-sharp
                  | scales. (AC +1, Slay +1) [demonic ancestry]
   259 | D:1      | Reached XP level 2. HP: 18/19 MP: 1/5
   397 | D:1      | Learned a level 2 spell: Searing Ray
   936 | D:1      | Gained mutation: Your touch may inflict minor irresistible
                  | damage on your foes. [demonic ancestry]
   936 | D:1      | Reached XP level 3. HP: 11/25 MP: 0/6
  1372 | D:2      | Reached skill level 5 in Conjurations
  1730 | D:2      | Found a radiant altar of Vehumet.
  2061 | D:2      | Found a faded altar of an unknown god.
  2207 | D:2      | Found a runed translucent door.
  2208 | D:2      | Noticed Crazy Yiuf
  2433 | D:3      | Gained mutation: You are mostly covered in razor-sharp
                  | scales. (AC +2, Slay +2) [demonic ancestry]
  2433 | D:3      | Reached XP level 4. HP: 31/31 MP: 5/7
  2746 | D:3      | You fall into a shaft and drop 3 floors!
  2746 | D:6      | Found a shadowy altar of Dithmenos.
  2784 | D:6      | Noticed a black bear
  2793 | D:6      | Slain by a black bear

Illustrated notes

Levels and vault maps discovered:
D:1:      saegor_arrival_under_anarchy, layout_rooms, serial_park_tiny_1,
          reono_crystal_passage, minmay_tromino_v4_c
D:2:      layout_basic, shapermc_ecumenical_altar_hornbeckon, basic_altar,
          hangedman_feature_mirror, chequers_serial_rivers_micro_d, st_stairs_2,
          uniq_crazy_yiuf_cottage
D:3:      layout_loops_ring, serial_glass, glass_columns_a, glass_columns_a,
          minmay_strange_pillars, item_on_display_a, due_unseen_surprise,
          item_on_display_a, chequers_serial_rivers_micro_d, solitary_fountain
D:6:      layout_layer_cave, mainiacjoe_overflow_concentric_impassable,
          ebering_ghost_reflecting_pool, portal_sewer_entry_a, uniq_pikel

Skill      XL: |  1  2  3 |
---------------+----------+-----
Conjurations   | 5 |  5.1
Dodging        | 2 |  2.1
Fighting       | |  0.9
Short Blades   | |  0.5
Armour         | |  0.1
Stealth        | |  1.9
Spellcasting   | |  2.3

Action                   |  1- 3 |  4- 6 || total
-------------------------+-------+-------++-------
Melee: Unarmed           |    11 |       ||    11
       Dagger            |    41 |    14 ||    55
       Touch             |     6 |     2 ||     8
       Punch             |     1 |       ||     1
 Cast: Magic Dart        |    54 |     6 ||    60
       Searing Ray       |     3 |     1 ||     4
 Stab: Sleeping          |     4 |     3 ||     7
Armor: Robe              |    26 |       ||    26
       Leather armour    |     1 |     6 ||     7
Dodge: Dodged            |    47 |     8 ||    55

Table legend: (Time is in decaauts)
 A = Elapsed time spent in this place.
 B = Non-inter-level travel time spent in this place.
 C = Inter-level travel time spent in this place.
 D = Time resting spent in this place.
 E = Time spent auto-exploring this place.
 F = Levels seen in this place.
 G = Mean time per level.
                   A        B        C        D        E       F      G
               +--------+--------+--------+--------+--------+-----+--------+
         Total |   2801 |   2705 |     96 |    192 |   2126 |   4 |  700.2 |
       Dungeon |   2801 |   2705 |     96 |    192 |   2126 |   4 |  700.2 |
               +--------+--------+--------+--------+--------+-----+--------+

Top non-repeatable levels by time:
     D:2: 1290 daAuts
     D:1: 1107 daAuts
     D:3: 356 daAuts
     D:6: 46 daAuts
